 Dungeon Crawl Stone Soup version 0.27-a0-1105-g946c659c87 (webtiles) character file.

Game seed: 15542349363236389540

355 funkygono the Firebug (level 6, -3/32 HPs)
             Began as a Gargoyle Fire Elementalist on May 1, 2021.
             Slain by a steam dragon (5 damage)
             ... on level 3 of the Dungeon.
             The game lasted 00:08:52 (3407 turns).

funkygono the Firebug (Gargoyle Fire Elementalist)  Turns: 3407, Time: 00:08:52

Health: -3/32      AC:  8    Str: 11    XL:     6   Next: 63%
Magic:  4/11       EV: 12    Int: 18    God:
Gold:   59         SH:  5    Dex: 10    Spells: 4/12 levels left

rFire    . . .     SeeInvis .   f - +3 dagger (venom)
rCold    . . .     Faith    .   (no shield)
rNeg     + . .     Spirit   .   a - +0 robe
rPois    ∞         Reflect  +   (no helmet)
rElec    +         Harm     .   (no cloak)
rCorr    .         Rampage  .   n - +0 pair of gloves
Will     .....                  j - +0 pair of boots
Stlth    ++........             o - amulet of reflection
HPRegen  0.10/turn              (no ring)
MPRegen  0.12/turn              (no ring)

@: no status effects
A: AC +4, negative energy resistance 1, electricity resistance, torment
resistance 1, unbreathing 1, petrification resistance
a: no special abilities


You were on level 3 of the Dungeon.
You visited 1 branch of the dungeon, and saw 3 of its levels.

You collected 59 gold pieces.

Inventory:

Hand Weapons
 e - a +0 long sword
 f - a +3 dagger of venom (weapon)
 l - a +2 whip of venom
Missiles
 d - 70 stones
Armour
 a - a +0 robe (worn)
 c - a +0 leather armour
 j - a +0 pair of boots (worn)
 n - a +0 pair of gloves (worn)
Jewellery
 o - an amulet of reflection (around neck)
Scrolls
 h - a scroll of identify
 i - a scroll of enchant weapon
 m - a scroll of acquirement {unknown}
 p - a scroll of magic mapping
Potions
 g - 2 potions of flight
 k - a potion of lignification {unknown}


   Skills:
 + Level 1.7 Dodging
 - Level 2.1 Stealth
 * Level 3.5 Spellcasting
 * Level 3.6 Conjurations
 * Level 5.4 Fire Magic


You had 4 spell levels left.
You knew the following spells:

 Your Spells              Type           Power      Damage    Failure   Level
a - Foxfire               Conj/Fire      76%        2x1d7     2%          1
b - Conjure Flame         Conj/Fire      19%        6-21      8%          3
c - Sticky Flame          Conj/Fire      19%        2d4       24%         4

Your spell library contained the following spells:

 Spells                   Type           Power      Damage    Failure   Level
 Inner Flame              Hex/Fire       12%        N/A       16%         3
 Fireball                 Conj/Fire      9%         3d6       56%         5


Dungeon Overview and Level Annotations

Branches:
Dungeon (3/15)

Altars:
Yredelemnul

Annotations:
D:3 3 runed translucent doors, tsouns's ghost, weakling DsDe


Innate Abilities, Weirdness & Mutations

Your stone body is resilient. (AC +4)
You are immune to poison.
You resist negative energy. (rN+)
You are resistant to electric shocks. (rElec)
You are resistant to unholy torment.
You can survive without breathing.
You are immune to petrification.


Message History

A steam dragon is nearby!
Casting: Conjure Flame (quite dangerous; 8% risk of failure)
Confirm with . or Enter, or press ? or * to list all spells.
You conjure some foxfire!
Casting: Foxfire (safe; 2% risk of failure)
Confirm with . or Enter, or press ? or * to list all spells.
You conjure some foxfire!
The foxfire hits the steam dragon.
The steam dragon is heavily wounded.
The foxfire hits the steam dragon but does no damage.
The steam dragon is heavily wounded.
Unknown command.
Casting: Foxfire (safe; 2% risk of failure)
Confirm with . or Enter, or press ? or * to list all spells.
You conjure some foxfire!
The foxfire hits the steam dragon but does no damage.
The steam dragon is heavily wounded.
The foxfire hits the steam dragon.
The steam dragon is severely wounded.
Casting: Foxfire (safe; 2% risk of failure)
Confirm with . or Enter, or press ? or * to list all spells.
You conjure some foxfire!
The foxfire hits the steam dragon.
The steam dragon is severely wounded.
The foxfire hits the steam dragon but does no damage.
The steam dragon is severely wounded.
The steam dragon breathes steam at you. The ball of steam hits you!
* * * LOW HITPOINT WARNING * * *
The foxfire hits the steam dragon.
The steam dragon is almost dead.
The foxfire hits the steam dragon.
The steam dragon is almost dead.
You feel better. The steam dragon bites you!
* * * LOW HITPOINT WARNING * * *
The steam dragon claws you.
* * * LOW HITPOINT WARNING * * *
Unknown command.
Casting: Foxfire (safe; 2% risk of failure)
Confirm with . or Enter, or press ? or * to list all spells.
You conjure some foxfire!
The steam dragon bites you.
You die...

#..# #≈≈§≈≈# ####..#
#≈.§.≈#
......####§...≈#
>.......##≈...§#
##########≈≈.§≈######
.##.#≈≈≈≈§≈≈.§§§≈≈§§#
....#≈...≈≈8.8≈≈.§.≈###
..#.§............§..'.#
.####≈.§.§≈8.8≈v@D.§#.#
## #≈≈§§§≈≈§§§v§§§≈#.#
#######§§§≈§######.#
####.# #§..§§# #..#
....># #≈.)§§# #.##
###### #§..§§#####.#
#≈§≈§≈#.....#
###########.# #D#


You could see a steam dragon (ally target).

Vanquished Creatures
  A centaur zombie (D:2)
  4 orc wizards (D:3)
  7 gnolls
  6 adders
  An adder zombie (D:3)
  4 worms
  A dart slug (D:1)
  6 orcs (D:3)
  9 endoplasms
  2 giant cockroaches (D:2)
  4 goblins
  9 hobgoblins
  4 jackals (D:1)
  2 quokkas
  7 ball pythons
  6 bats
  2 frilled lizards
  6 kobolds
  6 rats
87 creatures vanquished.

Vanquished Creatures (others)
  3 demonic plants (D:1)
  288 foxfires
  5 fungi (D:1)
  5 plants (D:1)
  A withered plant (D:1)
302 creatures vanquished.

Grand Total: 389 creatures vanquished

Notes
Turn   | Place    | Note
-------+----------+-------------------------------------------
     0 | D:1      | funkygono the Gargoyle Fire Elementalist began the quest
                  | for the Orb.
     0 | D:1      | Reached XP level 1. HP: 10/10 MP: 3/3
   122 | D:1      | Reached XP level 2. HP: 15/15 MP: 0/5
   476 | D:1      | Found a faded altar of an unknown god.
   507 | D:1      | Reached XP level 3. HP: 19/19 MP: 1/6
   511 | D:1      | Learned a level 3 spell: Conjure Flame
  1105 | D:1      | Reached XP level 4. HP: 5/24 MP: 0/7
  1475 | D:2      | Reached skill level 4 in Fire Magic
  1797 | D:2      | Reached XP level 5. HP: 28/28 MP: 4/9
  1802 | D:2      | Learned a level 4 spell: Sticky Flame
  2715 | D:3      | Found a runed translucent gate.
  2715 | D:3      | Found a runed translucent gate.
  2715 | D:3      | Found a runed translucent gate.
  2715 | D:3      | Noticed tsouns's ghost (weakling DsDe)
  2717 | D:3      | Found a basalt altar of Yredelemnul.
  2746 | D:3      | Reached XP level 6. HP: 29/32 MP: 4/11
  2749 | D:3      | Reached skill level 5 in Fire Magic
  3377 | D:3      | Noticed a steam dragon
  3384 | D:3      | HP: 1/32 [steam dragon/ball of steam (12)]
  3407 | D:3      | Slain by a steam dragon

Illustrated notes

Levels and vault maps discovered:
D:1:      onia_arrival_pyramid, layout_basic, shapermc_ecumenical_altar_gd
D:2:      cheibrodos_helix_gallery, layout_basic, grunt_ministairs_7
D:3:      layout_loops_ring, nicolae_yredelemnul_ghost_church,
          chequers_serial_rivers_micro_c, kennysheep_minor_cross,
          minmay_misc_feat_tiny

Skill      XL: |  1  2  3  4  5  6 |
---------------+-------------------+-----
Conjurations   | 2 3 |  3.6
Fire Magic     | 4 5 |  5.4
Spellcasting   | 3 |  3.5
Dodging        | |  1.7
Stealth        | |  2.1

Action                   |  1- 3 |  4- 6 || total
-------------------------+-------+-------++-------
Melee: Short sword       |     3 |       ||     3
       Dagger            |       |    17 ||    17
 Cast: Foxfire           |    51 |   120 ||   171
       Conjure Flame     |       |     1 ||     1
  Use: Scroll            |       |     5 ||     5
       Potion            |       |     3 ||     3
Armor: Robe              |    12 |     9 ||    21
Dodge: Dodged            |    24 |    38 ||    62

Table legend: (Time is in decaauts)
 A = Elapsed time spent in this place.
 B = Non-inter-level travel time spent in this place.
 C = Inter-level travel time spent in this place.
 D = Time resting spent in this place.
 E = Time spent auto-exploring this place.
 F = Levels seen in this place.
 G = Mean time per level.
                   A        B        C        D        E       F      G
               +--------+--------+--------+--------+--------+-----+--------+
         Total |   3410 |   3302 |    108 |    108 |   2452 |   3 | 1136.7 |
       Dungeon |   3410 |   3302 |    108 |    108 |   2452 |   3 | 1136.7 |
               +--------+--------+--------+--------+--------+-----+--------+

Top non-repeatable levels by time:
     D:1: 1702 daAuts
     D:2: 959 daAuts
     D:3: 748 daAuts
